 Dungeon Crawl Stone Soup version 0.31-a0-426-g3a05650e59 (webtiles) character file.

Game seed: 372441559005128272

606 Newt the Skirmisher (level 7, -6/44 HPs)
             Began as a Kobold Hunter on July 30, 2023.
             Mangled by a lemure (7 damage)
             ... led by Pikel
             ... on level 3 of the Dungeon.
             The game lasted 00:06:32 (3968 turns).

Newt the Skirmisher (Kobold Hunter)                 Turns: 3968, Time: 00:06:33

Health: -6/44      AC:  3    Str:  6 (8)  XL:     7   Next: 70%
Magic:  7/7        EV: 15    Int:  9 (10) God:
Gold:   160        SH:  5    Dex: 19 (21) Spells: 6/6 levels left

rFire   . . .        a - +0 shortbow
rCold   . . .        (shield currently unavailable)
rNeg    . . .        c - +0 leather armour
rPois   .            (no helmet)
rElec   .            (no cloak)
rCorr   .            (no gloves)
SInv    .            (no boots)
Will    .....        j - amulet of reflection
Stlth   +++          (no ring)
HPRegen 0.27/turn    (no ring)
MPRegen 0.10/turn

%: reflection, clarity
@: unable to drink
A: small, no large weapons, nightstalker 3, clarity, inability to drink after
injury 1, sturdy frame 1
a: no special abilities


You were on level 3 of the Dungeon.
You visited 1 branch of the dungeon, and saw 4 of its levels.

You collected 160 gold pieces.

Inventory:

Hand Weapons
 a - a +0 shortbow (weapon)
Missiles
 l - a throwing net
Armour
 c - a +0 leather armour (worn)
Jewellery
 i - the ring "Gyamm" {Fire Int+2}
   (You took it off a goblin on level 3 of the Dungeon)

   [ring of fire]

   It enhances your fire magic.
   Int:       It affects your intelligence (+2).
   rF:        It protects you from fire.
   rC:        It makes you vulnerable to cold.
 j - an amulet of reflection (around neck)
 n - an amulet of regeneration
Talismans
 e - a beast talisman
Wands
 f - a wand of polymorph (5)
Scrolls
 d - a scroll of poison {unknown}
 m - a scroll of fog {unknown}
 o - a scroll of fear {unknown}
 q - a scroll of identify
Potions
 g - a potion of degeneration
 h - 2 potions of attraction


   Skills:
 - Level 5.0 Fighting
 - Level 10.0 Ranged Weapons
 + Level 3.0 Dodging
 - Level 1.3 Stealth


You had 6 spell levels left.
You didn't know any spells.
Your spell library was empty.

Dungeon Overview and Level Annotations

Branches:
Dungeon (4/15)
 Temple: D:4-7

Altars:
Kikubaaqudgha

Annotations:
D:4 Duvessa, Pikel


Innate Abilities, Weirdness & Mutations

You are small and have problems with some larger weapons.
You are completely attuned to the shadows.
You possess an exceptional clarity of mind.
You occasionally lose the ability to drink potions when taking damage.
Your movements are slightly less encumbered by armour. (ER -2)


Message History

You shoot an arrow. The arrow hits the black bear!
The black bear is moderately wounded.
The lemure hits you.
* * * LOW HITPOINT WARNING * * *
The black bear closely misses you.
The black bear claws you but does no damage.
The black bear misses you.
You shoot an arrow. The arrow barely misses the black bear.
The lemure hits you.
* * * LOW HITPOINT WARNING * * *
You block the black bear's attack. The black bear claws you.
* * * LOW HITPOINT WARNING * * *
The black bear claws you but does no damage.
Unknown command.
It was a potion of mutation.
You feel extremely strange.
You feel less encumbered by your armour.
Your thoughts seem clearer.
You occasionally lose the ability to drink potions when taking damage.
You block the lemure's attack. The black bear closely misses you.
The black bear barely misses you. The black bear misses you.
As you read the scroll of butterflies, it crumbles to dust.
You hear the flapping of tiny wings.
The lemure is knocked back by the sudden gust.
The black bear is knocked back by the sudden gust.
Unknown command.
The black bear bites your butterfly!
Your butterfly dies!
Your butterfly disappears in a burst of colours!
The lemure misses you.
You climb downwards.
Your summoned allies are left behind.
The quokka bites you but does no damage.
There is a stone staircase leading up, spattered with blood here.
You block the quokka's attack. The lemure hits you.
* * * LOW HITPOINT WARNING * * *
The quokka misses you. The quokka barely misses you.
You see here a +0 robe.
The lemure attacks as you move away! The lemure hits you!
You feel threatened and lose the ability to drink potions!
You die...

#.##.........#.......♣♣♣.P♣.♣....
#...........[###>#...♣ ♣P.♣......
####..<......###.#...♣ ♣...P♣#♣.♣
#..^.......##)....♣ ♣.♣♣♣♣...#
#..........#..)..##♣P♣♣♣♣[.♣.♣
#######......##..##.♣♣♣♣[..#..
#..........##.....##.♣.♣
#####.#.)...........##....
#.......#@###..#.......♣.♣
#.......r5...#...#........
#........<................
#.........................
#.............####........
#.............)....♣♣♣♣.## #####
#.............####♣♣.♣.♣##
PP..####..............##♣♣P.♣P♣♣.
.♣....##.....>....###.....♣..PP♣#


You could see a lemure and a quokka.

Vanquished Creatures
  Eustachio (D:3)
  2 lemures (D:3)
  A hound (D:4)
  A gnoll bouda (D:3)
  A sleepcap (D:4)
  An orc priest (D:3)
  Natasha (thrice) (D:3)
  2 orc wizards (D:3)
  7 adders
  9 gnolls
  3 dart slugs
  8 orcs
  2 endoplasms
  2 giant cockroaches
  2 hobgoblins
  6 quokkas
  5 ball pythons
  5 bats
  4 frilled lizards
  3 goblins
  7 kobolds
  6 rats
81 creatures vanquished.

Notes
Turn   | Place    | Note
-------+----------+-------------------------------------------
     0 | D:1      | Newt the Kobold Hunter began the quest for the Orb.
     0 | D:1      | Reached XP level 1. HP: 12/12 MP: 1/1
   192 | D:1      | Reached XP level 2. HP: 18/18 MP: 2/2
   556 | D:1      | Reached XP level 3. HP: 23/23 MP: 3/3
  1008 | D:2      | Reached XP level 4. HP: 18/30 MP: 4/4
  1086 | D:2      | Found an ancient bone altar of Kikubaaqudgha.
  1571 | D:3      | Noticed Natasha
  1579 | D:3      | Identified the ring "Gyamm" {Fire Int+2}
  1580 | D:3      | Killed Natasha
  1581 | D:3      | Reached skill level 5 in Fighting
  1614 | D:4      | Reached XP level 5. HP: 11/35 MP: 5/5
  1620 | D:4      | Noticed an ogre
  1627 | D:4      | an ogre changed into a hound
  1631 | D:4      | Reached skill level 6 in Ranged Weapons
  1901 | D:4      | Reached skill level 7 in Ranged Weapons
  1901 | D:4      | Reached XP level 6. HP: 34/40 MP: 6/6
  2042 | D:4      | Noticed Duvessa
  2068 | D:3      | Noticed Natasha
  2072 | D:3      | Killed Natasha
  2139 | D:3      | Found a faded altar of an unknown god.
  2179 | D:3      | Reached skill level 8 in Ranged Weapons
  2390 | D:3      | Upgraded the game from 0.31-a0-408-gb642c7f9a3 to
                  | 0.31-a0-426-g3a05650e59
  2481 | D:3      | Reached XP level 7. HP: 37/44 MP: 7/7
  2734 | D:3      | Noticed Natasha
  2739 | D:3      | Killed Natasha
  2740 | D:3      | Reached skill level 9 in Ranged Weapons
  3388 | D:4      | Noticed Eustachio
  3482 | D:3      | HP: 2/44 [iron imp[Eustachio] (6)]
  3487 | D:3      | Killed Eustachio
  3488 | D:3      | Reached skill level 10 in Ranged Weapons
  3949 | D:4      | Noticed Pikel
  3961 | D:2      | HP: 2/44 [black bear (2)]
  3962 | D:2      | Gained mutation: Your movements are slightly less
                  | encumbered by armour. (ER -2) [potion of mutation]
  3962 | D:2      | Gained mutation: You possess an exceptional clarity of
                  | mind. [potion of mutation]
  3962 | D:2      | Gained mutation: You occasionally lose the ability to drink
                  | potions when taking damage. [potion of mutation]
  3966 | D:3      | HP: 1/44 [lemure[Pikel] (2)]
  3968 | D:3      | Mangled by a lemure

Illustrated notes

Levels and vault maps discovered:
D:1:      minmay_arrival_nine_rooms, layout_loops_ring
D:2:      layout_loops_ring, basic_altar
D:3:      layout_rooms, dreamdust_ecumenical_altar_grove, serial_forest,
          infiniplex_forest_lined_2, infiniplex_forest_lined_2,
          infiniplex_forest_straight_2, infiniplex_forest_end_2,
          infiniplex_forest_straight_3, infiniplex_forest_clump_long,
          infiniplex_forest_end_2, minmay_hedge_maze, dreamdust_princess_bridge,
          minmay_misc_feat_tiny, uniq_natasha
D:4:      layout_basic, serial_shops, shop, lemuel_flame_loot_1, uniq_ijyb,
          uniq_duvessa, uniq_pikel, uniq_eustachio

Skill      XL: |  1  2  3  4  5  6  7 |
---------------+----------------------+-----
Fighting       | 3 4 5 |  5.0
Ranged Weapons | 7 8 10 | 10.0
Dodging        | 3 |  3.0
Stealth        | |  1.3

Action                     |  1- 3 |  4- 6 |  7- 9 || total
---------------------------+-------+-------+-------++-------
   Fire: Shortbow          |    86 |   153 |   124 ||   363
  Evoke: Wand              |       |     1 |       ||     1
    Use: Scroll            |     1 |     5 |     1 ||     7
         Potion            |       |     1 |     3 ||     4
 Armour: Leather armour    |     6 |     7 |    15 ||    28
         Skin              |       |    47 |    28 ||    75
  Dodge: Dodged            |    39 |    63 |    70 ||   172
  Block: Other             |     1 |    33 |    20 ||    54

Table legend: (Time is in decaauts)
 A = Elapsed time spent in this place.
 B = Non-inter-level travel time spent in this place.
 C = Inter-level travel time spent in this place.
 D = Time resting spent in this place.
 E = Time spent auto-exploring this place.
 F = Levels seen in this place.
 G = Mean time per level.
                   A        B        C        D        E       F      G
               +--------+--------+--------+--------+--------+-----+--------+
         Total |   4000 |   3923 |     77 |   1119 |   2179 |   4 | 1000.0 |
       Dungeon |   4000 |   3923 |     77 |   1119 |   2179 |   4 | 1000.0 |
               +--------+--------+--------+--------+--------+-----+--------+

Top non-repeatable levels by time:
     D:3: 1952 daAuts
     D:1: 834 daAuts
     D:2: 743 daAuts
     D:4: 470 daAuts
